 Dungeon Crawl Stone Soup version 0.22-a0-533-g4d20840 (webtiles) character file.

19 iamserjio the Charmwright (level 2, 0/15 HPs)
             Began as a Vine Stalker Skald on June 22, 2018.
             Slain by an adder (1 damage)
             ... on level 3 of the Dungeon.
             The game lasted 00:02:39 (210 turns).

iamserjio the Charmwright (Vine Stalker Skald)       Turns: 210, Time: 00:02:41

Health: 0/15       AC:  4    Str: 13    XL:     2   Next: 75%
Magic:  0/6        EV: 11    Int: 13    God:
Gold:   27         SH:  0    Dex: 13    Spells: 2/5 levels left

rFire    . . .     SeeInvis .   b - +0 spear
rCold    . . .     Gourm    .   (no shield)
rNeg     . . .     Faith    .   a - +0 leather armour
rPois    .         Spirit   +   (no helmet)
rElec    .         Reflect  .   (no cloak)
rCorr    .         Harm     .   (no gloves)
MR       .....                  f - +0 pair of boots
Stlth    +.........             (no amulet)
HPRegen  0.05/turn              (no ring)
MPRegen  0.10/turn              (no ring)

@: singing
A: fangs 2, magic shield, antimagic bite, no potion heal 3, rot immunity
a: no special abilities


You were on level 3 of the Dungeon.
You were not hungry.

You visited 1 branch of the dungeon, and saw 3 of its levels.

You collected 27 gold pieces.

Inventory:

Hand Weapons
 b - a +0 spear (weapon)
Armour
 a - a +0 leather armour (worn)
 f - a +0 pair of boots (worn)
Scrolls
 g - a scroll of enchant weapon {unknown}
 h - a scroll of teleportation {unknown}
 i - a scroll of fear {unknown}
 j - a scroll of amnesia {unknown}
Potions
 d - a potion of curing {unknown}
 e - a potion of heal wounds {unknown}
Comestibles
 c - 2 rations


   Skills:
 + Level 2.2 Fighting
 - Level 0.7 Armour
 - Level 1.5 Dodging
 * Level 2.8 Unarmed Combat
 - Level 2.1 Spellcasting
 - Level 3.0 Charms


You had 2 spell levels left.
You knew the following spells:

 Your Spells              Type           Power        Failure   Level  Hunger
a - Infusion              Chrm           #...         10%         1    ##.....
b - Song of Slaying       Chrm           #.......     14%         2    ###....

Your spell library contained the following spells:

 Spells                   Type           Power        Failure   Level  Hunger
 Regeneration             Chrm/Necr      #.........   45%         3    ####...
 Shroud of Golubria       Chrm/Tloc      #.........   26%         2    ###....
 Spectral Weapon          Hex/Chrm       #.......     45%         3    ####...


Dungeon Overview and Level Annotations

Branches:
Dungeon (3/15)

Altars:


Innate Abilities, Weirdness & Mutations

You have extremely sharp teeth.
When hurt, damage is shared between your health and your magic reserves.
Your bite disrupts and absorbs the magic of your enemies.
Potions cannot restore your health.
You are immune to rotting.


Message History

The orc priest calls down the wrath of Beogh upon you.
Pain shoots through your body! The ooze hits you but does no damage.
You hit the orc priest.
You bite the orc priest, but do no damage.
The orc priest is severely wounded.
The orc priest invokes the aid of Beogh against you.
You barely resist. The ooze hits you but does no damage.
You closely miss the orc priest.
The orc priest is severely wounded.
The orc priest hits you but does no damage.
The adder barely misses you. The ooze closely misses you.
You closely miss the orc priest. Your bite misses the orc priest.
The orc priest is severely wounded.
You are no longer magically infusing your attacks.
The adder bites you.
* * * LOW HITPOINT WARNING * * *
The orc priest hits you.
* * * LOW HITPOINT WARNING * * *
The ooze misses you. The adder bites you.
You die...

#.# #...# #(# ###.# ..#
#.# #.# ######..## #.#
####.###........ #.#
#........# ..# #
###.###.....##.# .. ...
.........#.###.####.##....
###.####.#####.##o#....#
#.# #.####..J@#.....# #.#
#......#S###.##.# #.#
##.###.### .# ..# .# ###
.# ### .# .# o# o# ..


You could see an orc priest, an ooze and an adder.

Vanquished Creatures
  An adder (D:3)
  A dart slug (D:2)
  A leopard gecko (D:1)
  An orc (D:3)
  A giant cockroach (D:3)
  2 kobolds
7 creatures vanquished.

Notes
Turn   | Place    | Note
-------+----------+-------------------------------------------
     0 | D:1      | iamserjio the Vine Stalker Skald began the quest for the Orb.
     0 | D:1      | Reached XP level 1. HP: 11/11 MP: 4/4
   138 | D:3      | Reached XP level 2. HP: 12/15 MP: 3/6
   197 | D:3      | Learned a level 2 spell: Song of Slaying
   210 | D:3      | Slain by an adder

Vault maps used:
D:1:      ebering_trefoil_twist
D:2:      vehumet_crystals, grunt_ministairs_9, wad_floor_pattern_untrapped,
          minmay_cupped
D:3:      kennysheep_slug_shrine, chequers_big_river

Skill      XL: |  1 |
---------------+----+-----
Fighting       | 2 |  2.2
Armour         | |  0.7
Dodging        | |  1.5
Unarmed Combat | |  2.8
Spellcasting   | |  2.1
Charms         | |  3.0

Action                   || total
-------------------------++-------
Melee: Spear             ||    34
       Bite              ||     7
       Unarmed           ||     1
       Punch             ||     1
 Cast: Infusion          ||     3
       Song of Slaying   ||     1
Armor: Leather armour    ||    10
Dodge: Dodged            ||    23

Table legend:
 A = Spawn XP
 B = Non-spawn XP
 C = Spawn XP percentage of total XP
 D = Spawn monster count
 E = Non-spawn monster count
 F = Spawn count percentage of total count
 G = Total turns spent on level
                    A         B        C        D         E        F      G
               +---------+---------+-------+---------+---------+-------+---------
         Total |       0 |      28 |   0.0 |       0 |       7 |   0.0 |   210
               +---------+---------+-------+---------+---------+-------+---------
           D:1 |       0 |       3 |   0.0 |       0 |       1 |   0.0 |    63
           D:2 |       0 |       5 |   0.0 |       0 |       2 |   0.0 |    57
           D:3 |       0 |      20 |   0.0 |       0 |       4 |   0.0 |    90
               +---------+---------+-------+---------+---------+-------+---------
